 Dungeon Crawl Stone Soup version 0.16.1-18-g436b03c (webtiles) character file.

6608 Chiseanne the Nimble (level 10, -8/80 HPs)
             Began as a Demonspawn Monk on May 17, 2015.
             Mangled by a hill giant
             ... wielding a +0 giant spiked club
              (29 damage)
             ... on level 10 of the Dungeon.
             The game lasted 00:32:16 (8021 turns).

Chiseanne the Nimble (Demonspawn Monk)              Turns: 8021, Time: 00:32:16

Health: -8/80      AC: 13    Str: 15    XL:     10   Next: 71%
Magic:  16/16      EV: 17    Int: 11    God:
Gold:   251        SH:  0    Dex: 16    Spells: 2 memorised, 9 levels left

rFire  . . .     SeeInvis .     d - +3 scimitar (freeze)
rCold  . . .     Clarity  .     o - +1 ring mail (curse)
rNeg   . . .     SustAb   +     (no shield)
rPois  .         Gourm    .     (no helmet)
rElec  .         Spirit   .     G - +0 cloak
rCorr  .         Warding  .     i - +0 pair of gloves (curse)
rMut   .         Stasis   .     (no boots)
MR     .....                    h - amulet of regeneration
Stlth  +.........               (no ring)
                                L - ring of sustain abilities

@: slowed, very slow, not resistant to hostile enchantments, very unstealthy
A: claws 2, yellow scales 2
a: no special abilities


You were on level 10 of the Dungeon.
You were not hungry.

You visited 1 branch of the dungeon, and saw 10 of its levels.

You collected 251 gold pieces.

Inventory:

Hand weapons
 a - a +3 rapier of draining
 d - a +3 scimitar of freezing (weapon)
 f - a +2 dagger of protection
 s - a +1 whip of flaming
 w - a +0 blowgun
 H - a +0 scimitar
 M - a +0 executioner's axe
Missiles
 g - 137 arrows
 k - 8 tomahawks (quivered)
 l - 20 sling bullets of flame
 p - 5 throwing nets
 q - 51 sling bullets
 y - 5 tomahawks of returning
 D - 17 poisoned needles
Armour
 i - a cursed +0 pair of gloves (worn)
 o - a cursed +1 ring mail (worn)
 G - a +0 cloak (worn)
Jewellery
 h - an amulet of regeneration (around neck)
 t - an uncursed amulet of faith {unknown}
 v - an uncursed ring of teleportation
 z - an uncursed amulet of clarity
 L - a ring of sustain abilities (left hand)
Magical devices
 n - a wand of fire (0)
 r - a wand of teleportation (0)
 K - a wand of paralysis (12)
Scrolls
 j - a scroll of magic mapping
 A - 3 scrolls of remove curse
 F - a scroll of enchant armour
 J - a scroll of recharging {unknown}
Potions
 e - 3 potions of restore abilities
 u - a potion of brilliance
 E - 3 potions of mutation
Books
 m - a book of Hinderance

   Spells                             Type                      Level
   a - Confusing Touch                Hexes                        2
   b - Confuse                        Hexes                        3
   c - Petrify                        Transmutation/Earth          4
   d - Metabolic Englaciation         Hexes/Ice                    5
   e - Gell's Gravitas                Hexes/Translocation          5
   f - Summon Mana Viper              Hexes/Summoning              5
 I - a book of Air

   Spells                             Type                      Level
   a - Shock                          Conjuration/Air              1
   b - Swiftness                      Charms/Air                   2
   c - Repel Missiles                 Charms/Air                   2
   d - Flight                         Charms/Air                   3
   e - Static Discharge               Conjuration/Air              3
   f - Lightning Bolt                 Conjuration/Air              5
Comestibles
 b - 6 bread rations
 c - 5 meat rations
 C - 4 slices of pizza


   Skills:
 * Level 8.2 Fighting
 * Level 8.0 Armour
 - Level 10.6 Dodging
 - Level 1.7 Stealth
 - Level 3.6 Unarmed Combat
 * Level 2.0 Spellcasting


You had 9 spell levels left.
You knew the following spells:

 Your Spells              Type           Power        Failure   Level  Hunger
a - Repel Missiles        Chrm/Air       #.....       77%         2    ###....
b - Swiftness             Chrm/Air       #.......     77%         2    ###....


Dungeon Overview and Level Annotations

Branches:
Dungeon (10/15)            Temple (0/1) D:6
   Lair: D:8-11         Orc: D:9-12

Altars:
Ashenzari
Cheibriados
Nemelex Xobeh
Ru
Trog
Vehumet
Xom
The Shining One


Innate Abilities, Weirdness & Mutations

You have very sharp fingernails.
You are mostly covered in yellow scales (AC +3).


Message History

Eat which item? (? for menu, Esc to quit)
Mmm...
Chicken.
You start waiting.
Drink which item? (? for menu, Esc to quit)
Okay, then.
Wield which item (- for none, * to show all)? (? for menu, Esc to quit)
Your +1 whip of flaming stops flaming.
It glows with a cold blue light!
d - a +3 scimitar of freezing (weapon)
The hill giant closely misses you.
You slash the hill giant! You freeze the hill giant.
The hill giant is moderately wounded.
The hill giant closely misses you.
You completely miss the hill giant.
The hill giant is moderately wounded.
The hill giant hits you with a giant spiked club!! x2
* * * LOW HITPOINT WARNING * * *
You barely miss the hill giant.
The hill giant is moderately wounded.
The hill giant hits you with a giant spiked club!!
You die...

....###.# .##.# #.#
. ..# #.# ...# #.#
.#.####.# .......(#
.#.####.# #.
#.###############.#
.#.
#........C@........
...##
#.################.
.W... #.# ..... #.#
..W.. #># .....##C#
........# .#.######


You could see a hill giant.

Vanquished Creatures
  Pikel (D:8)
  A hill giant (D:8)
  A manticore (D:9)
  Joseph (D:7)
  Psyche (D:8)
  3 two-headed ogres
  2 yaks
  2 wraiths (D:10)
  Eustachio (D:7)
  A human (D:7)
  3 hungry ghosts
  Grum (D:8)
  3 wolves (D:9)
  A water moccasin (D:8)
  A slave (D:8)
  A wasp (D:8)
  3 ice beasts
  A phantom (D:7)
  2 centaurs
  3 giant frogs
  Blork the orc (D:7)
  4 scorpions
  9 wights
  3 jellies
  A centaur skeleton (D:4)
  3 hounds
  2 giant frog skeletons
  4 orc wizards
  3 worker ants
  3 sheep (D:7)
  3 mummies
  8 adders
  6 gnolls
  A worm (D:2)
  2 adder skeletons (D:7)
  7 giant geckos
  11 orcs
  A ball python (D:4)
  A giant cockroach (D:8)
  5 goblins
  16 hobgoblins
  11 kobolds
  13 bats
  7 giant newts
  A giant spore (D:9)
  17 jackals
  3 quokkas
  28 rats
  3 ballistomycetes (D:9)
210 creatures vanquished.

Vanquished Creatures (others)
  A slave (D:8)
1 creature vanquished.

Grand Total: 211 creatures vanquished

Notes
Turn   | Place    | Note
--------------------------------------------------------------
     0 | D:1      | Chiseanne, the Demonspawn Monk, began the quest for the Orb.
     0 | D:1      | Reached XP level 1. HP: 18/18 MP: 1/1
   511 | D:1      | Gained mutation: You are partially covered in yellow scales (AC +2). [demonic ancestry]
   511 | D:1      | Reached XP level 2. HP: 20/24 MP: 2/2
   664 | D:1      | Found a sparkling altar of Nemelex Xobeh.
  1146 | D:1      | Gained mutation: You are mostly covered in yellow scales (AC +3). [demonic ancestry]
  1146 | D:1      | Reached XP level 3. HP: 29/29 MP: 3/3
  1691 | D:2      | Gained mutation: You have sharp fingernails. [demonic ancestry]
  1691 | D:2      | Reached XP level 4. HP: 35/37 MP: 4/4
  1781 | D:2      | Found a shimmering altar of Xom.
  1852 | D:2      | Reached skill level 4 in Dodging
  2281 | D:3      | Reached XP level 5. HP: 27/42 MP: 5/5
  2615 | D:3      | Found a glowing golden altar of the Shining One.
  2910 | D:3      | Found a bloodstained altar of Trog.
  2910 | D:3      | Found a radiant altar of Vehumet.
  3033 | D:4      | Reached skill level 1 in Armour
  3079 | D:3      | Reached skill level 5 in Dodging
  3123 | D:4      | Reached XP level 6. HP: 47/49 MP: 6/6
  3456 | D:4      | Found a shattered altar of Ashenzari.
  3889 | D:5      | Entered Level 5 of the Dungeon
  3956 | D:5      | Reached XP level 7. HP: 31/55 MP: 7/7
  4140 | D:6      | Found a staircase to the Ecumenical Temple.
  4352 | D:7      | Noticed Eustachio
  4414 | D:7      | Killed Eustachio
  4414 | D:7      | Reached skill level 5 in Fighting
  4414 | D:7      | Reached skill level 6 in Dodging
  4520 | D:7      | Noticed Blork the orc
  4561 | D:7      | Killed Blork the orc
  4931 | D:7      | Found a sacrificial altar of Ru.
  4961 | D:7      | Noticed Joseph
  4972 | D:7      | HP: 1/56 [Joseph/uncursed quarterstaff (10)]
  4979 | D:7      | Noticed a human
  4982 | D:7      | Noticed a yak
  5073 | D:7      | Reached XP level 8. HP: 59/62 MP: 8/8
  5103 | D:7      | Reached skill level 7 in Dodging
  5130 | D:7      | Killed a human
  5140 | D:7      | Killed Joseph
  5164 | D:7      | Killed a yak
  5164 | D:7      | Reached skill level 5 in Armour
  5301 | D:7      | Reached skill level 8 in Dodging
  5734 | D:8      | Noticed a hill giant
  5744 | D:8      | Killed a hill giant
  5744 | D:8      | Gained mutation: You have very sharp fingernails. [demonic ancestry]
  5744 | D:8      | Reached XP level 9. HP: 39/69 MP: 9/9
  5854 | D:8      | Noticed a two-headed ogre
  5861 | D:8      | Killed a two-headed ogre
  5928 | D:8      | Noticed Pikel
  5937 | D:8      | Killed Pikel
  5937 | D:8      | Reached skill level 9 in Dodging
  6065 | D:8      | Found a snail-covered altar of Cheibriados.
  6641 | D:9      | Noticed a manticore
  6643 | D:9      | Noticed Grum
  6665 | D:9      | Reached XP level 10. HP: 52/79 MP: 10/10
  6797 | D:8      | Killed Grum
  6831 | D:9      | Killed a manticore
  6831 | D:9      | Reached skill level 10 in Dodging
  6918 | D:9      | Noticed Psyche
  6939 | D:8      | Killed Psyche
  7223 | D:9      | Learned a level 2 spell: Repel Missiles
  7226 | D:9      | Learned a level 2 spell: Swiftness
  7516 | D:9      | Reached skill level 1 in Spellcasting
  7630 | D:10     | Entered Level 10 of the Dungeon
  7727 | D:10     | Noticed a hill giant
  8021 | D:10     | Mangled by a hill giant

Action                   |  1- 3 |  4- 6 |  7- 9 | 10-12 || total
-------------------------+-------+-------+-------+-------++-------
Melee: Unarmed           |   174 |   190 |       |       ||   364
       Dagger            |       |   349 |   132 |       ||   481
       Rapier            |       |       |   228 |   106 ||   334
       Whip              |       |       |    69 |   256 ||   325
       Scimitar          |       |       |       |     3 ||     3
 Fire: Blowgun           |       |       |    37 |     8 ||    45
Throw: Tomahawk          |       |       |     9 |     5 ||    14
  Use: Scroll            |     2 |     6 |     9 |     3 ||    20
       Potion            |       |       |     8 |     4 ||    12
 Stab: Sleeping          |     1 |       |     1 |       ||     2
  Eat: Chunk             |     3 |    10 |     9 |     3 ||    25
       Fruit             |       |       |     3 |       ||     3
       Beef jerky        |       |       |     1 |     1 ||     2
       Pizza             |       |       |       |     4 ||     4
